Map: Frost LE

Players

Raven

  • Race: Protoss Protoss
  • League: Diamond

Nrabbit - Winner!

  • Race: Zerg Zerg
  • League: Diamond

VOD

Have the link to the VOD?

Description

Time

  • Played on: July 29, 2016, 11:33 p.m.
  • Length: 12:39
Show
View Real Time Build Order
Export as new Build Order

Raven Protoss 

Build Orders: 1 Gate Expand 

Get SALT Encoding   

  12  0:01  Probe (Chrono Boost)  
  13  0:11  Probe (Chrono Boost)  
  14  0:21  Pylon  
  14  0:23  Probe (Chrono Boost)  
  15  0:39  Probe (Chrono Boost)  
  15  0:42  Gateway  
  16  0:50  Probe (Chrono Boost)  
  16  0:55  Assimilator  
  17  1:00  Probe (Chrono Boost)  
  18  1:12  Probe (Chrono Boost)  
  19  1:25  Nexus  
  19  1:28  Probe (Chrono Boost)  
  20  1:41  Cybernetics Core  
  20  1:44  Probe (Chrono Boost)  
  21  1:50  Assimilator  
  21  1:55  Probe (Chrono Boost)  
  22  2:05  Pylon, Probe (Chrono Boost)  
  22  2:06  Warp Gate  
  23  2:23  Probe (Chrono Boost), Adept  
  23  2:27  Pylon  
  26  2:35  Probe (Chrono Boost)  
  27  2:38  Probe (Chrono Boost)  
  28  2:49  Mothership Core (Chrono Boost)  
  28  2:50  Adept  
  33  2:51  Probe (Chrono Boost)  
  33  3:02  Probe (Chrono Boost)  
  34  3:09  Probe (Chrono Boost)  
  34  3:12  Probe (Chrono Boost)  
  36  3:18  Gateway  
  36  3:20  Gateway  
  36  3:21  Probe (Chrono Boost)  
  36  3:22  Sentry  
  36  3:23  Probe (Chrono Boost)  
  39  3:29  Stargate  
  40  3:35  Probe (Chrono Boost)  
  40  3:38  Probe (Chrono Boost)  
  41  3:45  Pylon  
  41  3:47  Probe (Chrono Boost)  
  42  3:53  Probe (Chrono Boost)  
  43  3:59  Assimilator  
  43  4:01  Assimilator, Probe (Chrono Boost)  
  44  4:04  Probe (Chrono Boost)  
  44  4:07  Forge  
  45  4:12  Phoenix  
  45  4:13  Probe (Chrono Boost)  
  45  4:15  Probe (Chrono Boost)  
  50  4:25  Probe x2 (Chrono Boost)  
  51  4:32  Adept x2  
  51  4:33  Adept  
  51  4:36  Probe (Chrono Boost)  
  51  4:38  Probe (Chrono Boost)  
  59  4:42  Phoenix  
  61  4:52  Nexus  
  61  4:53  Protoss Ground Weapons Level 1  
  62  5:00  Pylon, Probe (Chrono Boost)  
  62  5:03  Pylon  
  62  5:13  Twilight Council  
  62  5:18  Probe (Chrono Boost)  
  62  5:19  Adept x2  
  67  5:23  Adept  
  64  5:59  Phoenix  
  66  6:08  Probe (Chrono Boost)  
  66  6:09  Probe (Chrono Boost)  
  68  6:21  Stalker  
  68  6:22  Stalker x2  
  68  6:25  Blink  
  74  6:26  Pylon  
  74  6:27  Pylon  
  74  6:45  Phoenix  
  66  7:01  Probe (Chrono Boost)  
  68  7:02  Probe (Chrono Boost)  
  68  7:05  Pylon  
  68  7:11  Probe (Chrono Boost)  
  68  7:14  Probe (Chrono Boost)  
  70  7:17  Robotics Facility  
  70  7:21  Nexus  
  70  7:24  Phoenix, Probe (Chrono Boost)  
  70  7:26  Probe (Chrono Boost)  
  74  7:35  Adept  
  74  7:36  Adept  
  78  7:49  Pylon  
  78  7:51  Pylon  
  68  8:07  Adept x2  
  68  8:08  Adept  
  68  8:09  Immortal  
  68  8:10  Phoenix  
  80  8:13  Resonating Glaives  
  80  8:14  Probe (Chrono Boost)  
  80  8:15  Probe (Chrono Boost)  
  80  8:18  Nexus  
  82  8:24  Probe (Chrono Boost)  
  82  8:25  Pylon  
  84  8:27  Probe (Chrono Boost)  
  84  8:28  Adept  
  84  8:29  Adept  
  88  8:34  Adept  
  88  8:35  Probe (Chrono Boost)  
  91  8:47  Probe (Chrono Boost)  
  93  8:49  Probe (Chrono Boost)  
  93  9:02  Probe (Chrono Boost)  
  95  9:04  Probe (Chrono Boost)  
  95  9:07  Immortal  
  99  9:11  Templar Archives  
  99  9:12  Robotics Bay  
  99  9:13  Protoss Ground Weapons Level 2  
  99  9:16  Probe (Chrono Boost)  
  100  9:20  Gateway  
  100  9:22  Gateway  
  100  9:26  Pylon  
  100  9:32  Pylon  
  100  9:35  Photon Cannon  
  100  9:38  Pylon, Probe (Chrono Boost)  
  84  9:39  Probe (Chrono Boost)  
  84  9:48  Probe (Chrono Boost)  
  70  10:06  Probe (Chrono Boost)  
  72  10:08  Probe x2 (Chrono Boost)  
  73  10:17  Probe (Chrono Boost)  
  73  10:19  Probe (Chrono Boost)  
  73  10:20  Probe (Chrono Boost)  
  76  10:28  Probe (Chrono Boost)  
  77  10:30  Adept  
  77  10:33  Stalker  
  81  10:39  Pylon, Probe (Chrono Boost)  
  81  10:41  Probe (Chrono Boost)  
  81  10:42  Probe (Chrono Boost)  
  84  10:55  Colossus  
  86  11:00  Probe (Chrono Boost)  
  86  11:01  Probe (Chrono Boost)  
  88  11:08  Probe (Chrono Boost)  
  91  11:11  Probe (Chrono Boost)  
  91  11:12  Probe (Chrono Boost)  
  91  11:17  High Templar x2  
  91  11:18  High Templar x3  
  101  11:22  Probe (Chrono Boost)  
  67  11:33  Archon x2  
Show
View Real Time Build Order
Export as new Build Order

Nrabbit Zerg - Winner!

Build Orders: Hatch First 

Get SALT Encoding   

  12  0:01  Drone  
  13  0:13  Overlord  
  13  0:22  Drone  
  14  0:32  Drone x2  
  14  0:35  Drone  
  17  0:54  Hatchery  
  16  0:57  Drone  
  17  1:21  Drone, Extractor  
  17  1:24  Spawning Pool  
  17  1:25  Drone x2  
  18  1:32  Drone  
  19  1:45  Overlord  
  19  2:10  Zergling x2  
  19  2:11  Zergling x2, Queen x2  
  19  2:13  Drone  
  26  2:16  Drone  
  26  2:21  Metabolic Boost  
  27  2:25  Drone  
  27  2:26  Drone  
  29  2:40  Overlord  
  29  2:56  Hatchery  
  29  2:58  Pneumatized Carapace  
  28  3:00  Drone x3  
  31  3:08  Overlord  
  31  3:09  Drone x2  
  33  3:21  Drone  
  33  3:22  Drone  
  35  3:44  Overlord  
  35  3:45  Drone  
  35  3:57  Baneling Nest, Extractor  
  35  3:58  Evolution Chamber  
  35  3:59  Drone x3  
  35  4:00  Drone x8  
  43  4:05  Queen  
  43  4:07  Overlord  
  45  4:12  Zergling x4  
  47  4:26  Zergling x8  
  51  4:40  Zerg Melee Weapons Level 1  
  51  4:46  Zergling x2  
  51  4:47  Zergling x14  
  51  4:51  Baneling x3  
  51  4:52  Baneling  
  59  5:00  Queen  
  59  5:01  Overlord  
  59  5:02  Zergling x14  
  68  5:25  Zergling x14  
  70  5:44  Baneling x7  
  70  5:47  Drone  
  70  5:48  Drone x3  
  73  6:10  Overlord x3  
  73  6:12  Lair  
  73  6:18  Overlord x2  
  66  6:48  Zergling x2  
  66  6:49  Zergling x32  
  67  7:05  Drone x5  
  72  7:09  Spore Crawler  
  72  7:10  Spore Crawler x2  
  72  7:11  Zerg Melee Weapons Level 2  
  69  7:21  Extractor  
  69  7:22  Drone x3, Hydralisk Den  
  71  7:23  Drone  
  71  7:27  Drone x2  
  71  7:28  Extractor  
  72  7:44  Spore Crawler  
  72  7:47  Overlord x2  
  71  7:55  Zergling x12  
  71  7:56  Zergling x8  
  70  8:01  Muscular Augments  
  67  8:07  Drone x3  
  67  8:10  Evolution Chamber  
  67  8:11  Drone x3  
  72  8:16  Hydralisk x6  
  84  8:21  Drone  
  85  8:27  Hatchery  
  85  8:30  Zergling x4  
  85  8:32  Hatchery  
  86  8:34  Drone  
  86  8:36  Zerg Missile Weapons Level 1  
  86  8:37  Centrifical Hooks  
  86  8:44  Hydralisk x4  
  86  8:45  Hydralisk x2  
  98  8:55  Hydralisk  
  98  8:56  Hydralisk  
  101  9:07  Baneling x2  
  101  9:08  Baneling x2  
  101  9:13  Overlord  
  101  9:14  Overlord x4  
  101  9:19  Drone x9  
  110  9:28  Overlord  
  110  9:29  Overlord  
  108  9:39  Overlord x2  
  108  9:40  Lurker Den  
  108  9:43  Hydralisk x6  
  120  9:52  Overlord, Queen  
  107  10:04  Queen  
  107  10:06  Roach Warren, Zergling x14  
  108  10:07  Zergling x2  
  109  10:21  Spire  
  109  10:26  Extractor x2  
  109  10:27  Spine Crawler  
  106  10:29  Spine Crawler  
  106  10:35  Spine Crawler, Spore Crawler  
  103  10:36  Spine Crawler  
  103  10:42  Zergling x30  
  117  10:51  Drone x3  
  117  10:52  Drone x3  
  123  11:07  Baneling  
  123  11:08  Baneling x14  
  121  11:17  Spore Crawler  
Tags
 
Add a new tag
Caveats
  • Supply blocks, unpowered buildings, or Contaminate may cause inaccurate times.
  • Supply counts are checked every 10 seconds.